 Dungeon Crawl Stone Soup version 0.18.1-48-g4cf74bf (webtiles) character file.

133 Alarkh the Shooter (level 4, 0/33 HPs)
             Began as a Mummy Hunter on Aug 11, 2016.
             Slain by an orc
             ... wielding a +0 flail
              (7 damage)
             ... on level 3 of the Dungeon.
             The game lasted 00:03:15 (1931 turns).

Alarkh the Shooter (Mummy Hunter)                   Turns: 1931, Time: 00:03:15

Health: 0/33       AC:  3    Str: 15    XL:     4   Next: 93%
Magic:  4/4        EV: 11    Int: 11    God:
Gold:   107        SH:  0    Dex: 12    Spells: 0 memorised, 3 levels left

rFire  x . .     SeeInvis .     b - +3 short sword (flame)
rCold  + . .     Gourm    .     c - +0 leather armour
rNeg   + + +     Faith    .     (no shield)
rPois  ∞         Spirit   .     (no helmet)
rElec  .         Dismiss  .     (no cloak)
rCorr  .         Reflect  .     (no gloves)
SustAt .         Harm     .     (no boots)
MR     .....                    q - amulet of magic regeneration
Stlth  +.........               (no ring)
                                (no ring)

@: not resistant to hostile enchantments, very unstealthy
A: no food or potions, fire vulnerability, cold resistance 1, negative energy
resistance 3, torment resistance, unbreathing
a: no special abilities


You were on level 3 of the Dungeon.
You were not hungry.

You visited 1 branch of the dungeon, and saw 3 of its levels.

You collected 107 gold pieces.

Inventory:

Hand Weapons
 a - a +1 shortbow
 b - a +3 short sword of flaming (weapon)
 g - a +0 short sword
 j - a +0 mace
Missiles
 d - 36 arrows
Armour
 c - a +0 leather armour (worn)
 i - a +2 buckler
Jewellery
 q - an amulet of magic regeneration (around neck)
Scrolls
 e - a scroll of noise
 f - a scroll of fog
 h - 2 scrolls of remove curse
 l - a scroll of blinking
 m - 2 scrolls of amnesia {unknown}
 n - a scroll of recharging {unknown}
 o - a scroll of magic mapping {unknown}
 p - 2 scrolls of teleportation {unknown}


   Skills:
 - Level 2.0 Fighting
 + Level 5.2 Bows
 - Level 1.5 Dodging
 - Level 0.7 Stealth


You had 3 spell levels left.
You didn't know any spells.

Dungeon Overview and Level Annotations

Branches:
Dungeon (3/15)

Altars:

Annotations:
D:3 Terence


Innate Abilities, Weirdness & Mutations

You do not eat or drink.
Your flesh is vulnerable to fire.
You are immune to poison.
Your flesh is cold resistant.
You are immune to negative energy.
You are immune to unholy pain and torment.
You can survive without breathing.


Message History

The adder is moderately wounded.
The adder closely misses you.
You hit the adder. You burn the adder.
You kill the adder!
The adder closely misses you.
You closely miss the adder. The adder bites you.
You hit the adder. You burn the adder.
The adder is heavily wounded.
The orc complains loudly.
The adder bites you but does no damage.
You hit the adder. You burn the adder.
You kill the adder!
You closely miss the orc. The orc hits you but does no damage.
You closely miss the orc. The orc hits you with a flail!
* * * LOW HITPOINT WARNING * * *
You barely miss the orc. You hit the orc. You burn the orc.
The orc is heavily wounded.
The orc hits you with a flail!
You die...

.#.###.#....#.# .....#.#.####.# #
##.#†#.#.# #.# .# ...#<#.#†# #.#
.#### ######.#.# #.# ......
.....#.#.####.# ##########......
####)#.#...##.# #.............!.
####.#.###.##.####...............
..(..#.# #.##>..@o...............
######.###.#######...............
#........#.# #.........#####.
#.####.#.#.# #.........# #. #.#
#.#.#.# #.........# ## #.#
#.#.#.# ########### #.# #.#.#.#
#.# #.#.#.#
#<####.#.#.######################


You could see an orc.

Vanquished Creatures
  Ijyb (D:3)
  3 adders
  An ooze (D:1)
  2 worms (D:3)
  A giant gecko (D:1)
  2 ball pythons (D:1)
  6 giant cockroaches
  5 hobgoblins
  9 jackals
  5 kobolds
  8 bats
  4 giant newts
  9 goblins
  10 rats
66 creatures vanquished.

Notes
Turn   | Place    | Note
--------------------------------------------------------------
     0 | D:1      | Alarkh the Mummy Hunter began the quest for the Orb.
     0 | D:1      | Reached XP level 1. HP: 16/16 MP: 1/1
   136 | D:1      | Reached XP level 2. HP: 22/22 MP: 2/2
   390 | D:1      | Reached skill level 4 in Bows
   610 | D:1      | Reached XP level 3. HP: 19/27 MP: 3/3
  1557 | D:3      | Reached XP level 4. HP: 32/33 MP: 4/4
  1595 | D:3      | Noticed Ijyb
  1597 | D:3      | Noticed Terence
  1632 | D:3      | Killed Ijyb
  1632 | D:3      | Reached skill level 5 in Bows
  1931 | D:3      | Slain by an orc

Skill      XL: |  1  2  3  4 |
---------------+-------------+-----
Bows           | 4 5 |  5.2
Fighting       | |  2.0
Dodging        | |  1.5
Stealth        | |  0.7

Action                   |  1- 3 |  4- 6 || total
-------------------------+-------+-------++-------
Melee: Mace              |    28 |       ||    28
       Short sword       |    54 |    53 ||   107
 Fire: Shortbow          |    25 |       ||    25
  Use: Scroll            |     1 |     3 ||     4
 Stab: Sleeping          |     1 |     1 ||     2
Armor: Leather armour    |    30 |    12 ||    42
Dodge: Dodged            |    60 |    28 ||    88
